 Dungeon Crawl Stone Soup version 0.29.0-15-g675c0067aa (webtiles) character file.

Game seed: 10343083715367835982

62925 qw the Severer (level 14, 1/1 (135) HPs)
             Began as a Minotaur Berserker on Sept 12, 2022.
             Was an Initiate of Trog.
             Tarried too long and was consumed by Zot
             ... on level 13 of the Dungeon.
             The game lasted 00:20:55 (52727 turns).

qw the Severer (Minotaur Berserker)                Turns: 52727, Time: 00:20:56

HP:   1/1 (135)     AC: 35    Str: 26    XL:     14   Next: 66%
MP:   13/13         EV:  9    Int:  3    God:    Trog [......]
Gold: 1127          SH: 17    Dex: 11    Spells: 13/13 levels left

rFire   . . .      SeeInvis +   Y - +2 war axe (flame)
rCold   . . .      Faith    .   g - +0 kite shield
rNeg    + + .      Spirit   .   p - +2 plate armour {Will+}
rPois   +          Reflect  +   (helmet restricted)
rElec   .          Harm     .   i - +2 ratskin cloak {*Rats rPois rN+ Str-1 Int-1 Dex+1}
rCorr   +          Rampage  .   o - +0 pair of gloves of Qaefu Weo {rN+ rCorr}
Will    +++..                   k - +0 pair of boots
Stlth   ..........              e - amulet of reflection
HPRegen 0.01/turn               h - ring of Compulsion {AC+4 SInv}
MPRegen 0.13/turn               b - +4 ring of protection

@: extremely drained, bezotted and risking death
A: horns 2, retaliatory headbutt, iridescent scales 1, strong-willed 1
a: Renounce Religion


You were on level 13 of the Dungeon.
You worshipped Trog.
Trog was noncommittal.
You visited 2 branches of the dungeon, and saw 19 of its levels.

You collected 1537 gold pieces.
You spent 410 gold pieces at shops.


Innate Abilities, Weirdness & Mutations

You have a pair of horns on your head.
You reflexively headbutt those who attack you in melee.
You are partially covered in iridescent scales. (AC +2)
You are strong-willed. (Will+)


   Skills:
 - Level 15.0 Fighting
 - Level 16.7 Axes
 - Level 8.0 Throwing
 - Level 14.0 Armour
 - Level 6.0 Dodging
 + Level 14.0 Shields


You had 13 spell levels left.
You didn't know any spells.
Your spell library was empty.

Inventory:

Hand Weapons
 Y - a +2 war axe of flaming (weapon)
Missiles
 r - 4 boomerangs
 s - 4 javelins
 v - 5 silver javelins (quivered)
Armour
 g - a +0 kite shield (worn)
 i - the +2 ratskin cloak (worn) {*Rats rPois rN+ Str-1 Int-1 Dex+1}
   (You found it on level 5 of the Dungeon)

   When the wearer is hurt, rats may emerge from it to assist them.
   Str:       It affects your strength (-1).
   Int:       It affects your intelligence (-1).
   Dex:       It affects your dexterity (+1).
   rPois:     It protects you from poison.
   rN:        It protects you from negative energy.
 k - a +0 pair of boots (worn)
 m - a +1 pair of gloves
 o - the +0 pair of gloves of Qaefu Weo (worn) {rN+ rCorr}
   (You acquired it on level 11 of the Dungeon)

   rN:        It protects you from negative energy.
   rCorr:     It protects you from acid and corrosion.
 p - a +2 plate armour of willpower (worn)
Jewellery
 b - a +4 ring of protection (right hand)
 e - an amulet of reflection (around neck)
 h - the ring of Compulsion (left hand) {AC+4 SInv}
   (You found it on level 5 of the Dungeon)

   [ring of protection]

   AC:        It affects your AC (+4).
   SInv:      It lets you see invisible.
 u - a ring of protection from fire
 w - a ring of fire
Scrolls
 d - 11 scrolls of identify
Potions
 a - 7 potions of haste
 c - a potion of cancellation
 f - 9 potions of curing
 l - 2 potions of might
 n - 4 potions of mutation
 q - 4 potions of resistance
 t - 3 potions of heal wounds

Dungeon Overview and Level Annotations

Branches:
Dungeon (14/15) Zot: 0! Temple (0/1) D:6 Lair (5/5) D:10 Shoals (0/4) Lair:2 Spider (0/4) Lair:3 Slime (0/5) Lair:4 Orc (0/2) D:10 Vaults: D:13-14 You are so drained that the power of Zot will kill you!

Altars:
Ashenzari
Dithmenos
Elyvilon
Fedhas
Gozag
Hepliaklqana
Kikubaaqudgha
Makhleb
Nemelex Xobeh
Qazlal
Trog
Uskayaw
Zin

Shops:
D:2 *   D:8 *   D:9 *   D:10 :


Message History

(D) Dungeon (T) Temple (L) Lair (A) Shoals (N) Spider Nest (M) Slime Pits (O) Orcish Mines
Where to? (* - list waypoints, Enter - D:12, ? - help)
What level of the Dungeon? (default 1, ? - help)
You climb downwards.
There is a stone staircase leading up here.
You see here a +0 hand axe.
There is a stone staircase leading down here.
You climb downwards.
There is a stone staircase leading up here.
Existing waypoints: (1) D:12 (2) D:13 Assign waypoint to what number? (0-9, D - delete waypoint) Waypoint 2 re-assigned from D:13 to D:14.
Enter note: Done exploring.
(D) Dungeon (T) Temple (L) Lair (A) Shoals (N) Spider Nest (M) Slime Pits (O) Orcish Mines
Where to? (* - list waypoints, Enter - D:14, ? - help)
What level of the Dungeon? (default 1, ? - help)
You climb upwards.
There is a stone staircase leading down here.
Existing waypoints: (1) D:12 (2) D:14 Assign waypoint to what number? (0-9, D - delete waypoint) Waypoint 1 re-assigned from D:12 to D:13.
Enter note:
Enter note:
Enter note:
Enter note:
Enter note:
Enter note:
Enter note:
Enter note:
(D) Dungeon (T) Temple (L) Lair (A) Shoals (N) Spider Nest (M) Slime Pits (O) Orcish Mines
Where to? (* - list waypoints, Enter - D:13, ? - help)
What level of the Dungeon? (default 1, ? - help) Zot's power takes hold, and you dissolve into a dark mist.
You die...

## ##### .###########
############ #....
#..##.>#.).#####..##..#...####.##
###.#.#.##....#.##..##.###..#.###
..#...#....##...@#...#.....#...#.
#.#.##.#..##..###.#.##.#.###.#...
.#..#.####..###...~..#....#.#..##
.....~......#...~~~~.........##..
~~~.~..~.~.~~~~~~~~~~~..~~~..#.~~
~~~~~.~~~..~~~~~~~~~~~~~~~~~~~#~~
~~~~~~~~~~.~~~~~#~~~~~~~~~~~~~~~~
~~~~~~~~~.~~~~#~#~~~~~~~~~##~~~~~
~~~~~~~.~~~~~~~~~~~~~.~~~~~~~~~~~


There were no monsters in sight!

Vanquished Creatures
  Rupert (D:12)
  Josephine (Lair:4)
  4 hydras
  2 boulder beetles
  Harold (Lair:1)
  A catoblepas (Lair:5)
  2 centaur warriors
  A deep troll shaman (Lair:5)
  3 two-headed ogres
  10 death yaks
  Sonja (D:12)
  Lodul (D:12)
  A deep elf pyromancer (D:12)
  11 wizards (D:11)
  10 elephants
  A cyclops (D:11)
  5 black mambas
  Joseph (D:7)
  A merfolk siren (Lair:2)
  2 molten gargoyles (Lair:4)
  Maggie (D:6)
  11 cane toads
  A rime drake (Lair:2)
  An unseen horror (D:12)
  A kobold demonologist (D:12)
  2 trolls (D:11)
  16 komodo dragons
  3 merfolk (Lair:2)
  2 polar bears (Lair:5)
  Grinder (D:6)
  11 blink frogs
  4 dream sheep (Lair:5)
  2 slime creatures (Lair:4)
  7 wraiths
  A shadow (D:9)
  A vampire (D:12)
  Sigmund (D:2)
  4 wyverns
  4 water elementals (D:13)
  26 yaks
  4 basilisks
  4 vampire mosquitoes (D:13)
  A redback (Lair:3)
  Menkaure (D:6)
  An acid dragon (D:13)
  9 water moccasins
  A swamp drake (D:10)
  8 orc warriors
  5 black bears
  3 sky beasts
  3 ice beasts
  9 ogres
  3 centaurs
  15 wolves
  3 phantoms
  A kobold brigand (D:6)
  12 bullfrogs
  2 necrophages
  4 earth elementals
  2 scorpions (D:7)
  A water moccasin skeleton (D:3)
  11 killer bees
  3 electric eels (D:13)
  4 howler monkeys
  5 lava snakes (Lair:4)
  3 jellies
  3 hounds (D:5)
  9 orc priests
  2 gnoll boudas
  4 iguanas
  10 orc wizards
  3 hell rats (D:5)
  2 hound zombies (D:3)
  Robin (D:2)
  17 gnolls
  13 river rats (D:5)
  12 adders
  13 white imps
  2 ufetubi (D:6)
  4 adder zombies (D:3)
  An adder skeleton (D:3)
  3 worms
  3 dart slugs
  63 orcs
  8 ball pythons
  7 bats
  6 endoplasms
  3 giant cockroaches
  14 goblins
  6 hobgoblins
  4 jackals
  6 quokkas
  4 frilled lizards (D:3)
  A jackal skeleton (D:3)
  14 kobolds
  A quokka skeleton (D:3)
  6 rats
523 creatures vanquished.

Vanquished Creatures (collateral kills)
  An elephant (Lair:1)
  A gnoll sergeant (D:8)
  An electric eel (D:13)
  A gnoll (D:8)
4 creatures vanquished.

Vanquished Creatures (others)
  27 fungi
  38 plants
  6 withered plants (D:3)
71 creatures vanquished.

Grand Total: 598 creatures vanquished

Notes
Turn   | Place    | Note
-------+----------+-------------------------------------------
     0 | D:1      | qw the Minotaur Berserker began the quest for the Orb.
     0 | D:1      | Reached XP level 1. HP: 19/19 MP: 0/0
     0 | D:1      | 0 ||| qw: Version: 0.1-a-119-g272c26d
     0 | D:1      | 0 ||| qw: Game counter: 10745
     0 | D:1      | 0 ||| qw: Always use a shield: true
     0 | D:1      | 0 ||| qw: Do Orc after D:15 true
     0 | D:1      | 0 ||| qw: Do second Lair branch before Depths: true
     0 | D:1      | 0 ||| qw: Lair rune preference: random
     0 | D:1      | 0 ||| qw: Plans: Normal
     0 | D:1      | 0 ||| PLANNING D:1-11
    27 | D:1      | 27 ||| SWAPPING to +0 war axe.
    28 | D:1      | 28 ||| DROPPING +0 hand axe.
   131 | D:1      | Reached skill level 4 in Axes
   276 | D:1      | Found a faded altar of an unknown god.
   411 | D:1      | Reached XP level 2. HP: 26/26 MP: 1/1
   579 | D:1      | 579 ||| Stepping ~*~*~tactically~*~*~ (hiding).
   584 | D:1      | 584 ||| INVOKING Berserk.
   716 | D:1      | 716 ||| DROPPING +0 whip.
   955 | D:1      | 955 ||| READING scroll labelled KACERI OMONOTO.
   959 | D:1      | 959 ||| READING scroll labelled DASADE FEKHI.
   960 | D:1      | 960 ||| READING scroll labelled KAPSOUZUOTH.
   961 | D:1      | 961 ||| READING scroll labelled SUXEXI SEDGHE.
  1062 | D:1      | 1062 ||| READING scroll labelled REIWIY GEODGH.
  1063 | D:1      | 1063 ||| READING scroll labelled YMUNER JEOMEOV.
  1081 | D:2      | Reached skill level 5 in Axes
  1081 | D:2      | Found Fustredaf's Assorted Antiques.
  1088 | D:2      | 1088 ||| BUYING inky potion (19 gold).
  1088 | D:2      | Bought an inky potion for 19 gold pieces
  1088 | D:2      | 1088 ||| SHOPLISTING lumpy orange potion (19 gold, have 5).
  1088 | D:2      | 1088 ||| SHOPLISTING pair of boots (99 gold, have 5).
  1088 | D:2      | 1088 ||| SHOPLISTING ring mail (88 gold, have 5).
  1088 | D:2      | 1088 ||| SHOPLISTING scroll of teleportation (66 gold, have
                  | 5).
  1088 | D:2      | 1088 ||| SHOPLISTING viscous ruby potion (19 gold, have 5).
  1091 | D:2      | 1091 ||| Stepping ~*~*~tactically~*~*~ (stealth).
  1097 | D:2      | Reached XP level 3. HP: 27/31 MP: 2/2
  1151 | D:2      | Noticed Robin
  1157 | D:2      | 1157 ||| INVOKING Berserk.
  1158 | D:2      | 1158 ||| INVOKING Berserk.
  1160 | D:2      | Killed Robin
  1292 | D:2      | 1292 ||| FLEEEEING.
  1293 | D:2      | 1293 ||| FLEEEEING.
  1294 | D:2      | 1294 ||| FLEEEEING.
  1295 | D:2      | 1295 ||| FLEEEEING.
  1296 | D:2      | 1296 ||| FLEEEEING.
  1297 | D:2      | 1297 ||| FLEEEEING.
  1298 | D:2      | 1298 ||| FLEEEEING.
  1299 | D:2      | 1299 ||| FLEEEEING.
  1300 | D:2      | 1300 ||| STAIRDANCE
  1431 | D:2      | 1431 ||| INVOKING Berserk.
  1448 | D:2      | Reached skill level 6 in Axes
  1448 | D:2      | Reached XP level 4. HP: 30/39 MP: 3/3
  1548 | D:2      | 1548 ||| Stepping ~*~*~tactically~*~*~ (stealth).
  1549 | D:2      | 1549 ||| Stepping ~*~*~tactically~*~*~ (stealth).
  1555 | D:2      | Reached ** piety under Trog
  1578 | D:2      | 1578 ||| Stepping ~*~*~tactically~*~*~ (stealth).
  1581 | D:2      | 1581 ||| Stepping ~*~*~tactically~*~*~ (stealth).
  1690 | D:2      | 1690 ||| Stepping ~*~*~tactically~*~*~ (stealth).
  1691 | D:2      | 1691 ||| Stepping ~*~*~tactically~*~*~ (stealth).
  1692 | D:2      | 1692 ||| Stepping ~*~*~tactically~*~*~ (stealth).
  1694 | D:2      | 1694 ||| Stepping ~*~*~tactically~*~*~ (stealth).
  1704 | D:2      | 1704 ||| INVOKING Berserk.
  1751 | D:2      | 1751 ||| Stepping ~*~*~tactically~*~*~ (stealth).
  1752 | D:2      | 1752 ||| Stepping ~*~*~tactically~*~*~ (stealth).
  1929 | D:2      | Noticed Sigmund
  1930 | D:2      | 1930 ||| Stepping ~*~*~tactically~*~*~ (hiding).
  2032 | D:2      | 2032 ||| Stepping ~*~*~tactically~*~*~ (hiding).
  2033 | D:2      | 2033 ||| Stepping ~*~*~tactically~*~*~ (hiding).
  2037 | D:2      | 2037 ||| INVOKING Berserk.
  2042 | D:2      | Killed Sigmund
  2043 | D:2      | Reached skill level 7 in Axes
  2043 | D:2      | Reached XP level 5. HP: 45/45 MP: 4/4
  2267 | D:2      | 2267 ||| UPGRADING to +0 leather armour.
  2277 | D:2      | 2277 ||| DROPPING +0 animal skin.
  2278 | D:2      | 2278 ||| READING scroll labelled VEODEI JASA.
  2279 | D:2      | 2279 ||| DRINKING 3 bubbling dark potions.
  2280 | D:2      | 2280 ||| READING 2 scrolls of identify.
  2280 | D:2      | 2280 ||| IDENTIFYING pink potion
  2304 | D:3      | 2304 ||| STAIRDANCE
  2368 | D:3      | Reached XP level 6. HP: 48/52 MP: 5/5
  2398 | D:3      | 2398 ||| FLEEEEING.
  2399 | D:3      | 2399 ||| FLEEEEING.
  2400 | D:3      | 2400 ||| FLEEEEING.
  2401 | D:3      | 2401 ||| FLEEEEING.
  2403 | D:3      | 2403 ||| FLEEEEING.
  2404 | D:3      | 2404 ||| FLEEEEING.
  2405 | D:3      | 2405 ||| STAIRDANCE
  2473 | D:2      | 2473 ||| UPGRADING to amulet of the acrobat.
  2484 | D:3      | Reached skill level 8 in Axes
  2484 | D:3      | 2484 ||| STAIRDANCE
  2569 | D:3      | Found a blossoming altar of Fedhas.
  2574 | D:3      | 2574 ||| INVOKING Berserk.
  2820 | D:3      | 2820 ||| INVOKING Berserk.
  3061 | D:3      | Reached skill level 9 in Axes
  3789 | D:3      | 3789 ||| Stepping ~*~*~tactically~*~*~ (stealth).
  3790 | D:3      | 3790 ||| Stepping ~*~*~tactically~*~*~ (stealth).
  3994 | D:3      | 3994 ||| UPGRADING to +0 ring mail.
  4004 | D:3      | 4004 ||| DROPPING +0 leather armour.
  4005 | D:3      | 4005 ||| UPGRADING to +0 pair of boots.
  4010 | D:3      | 4010 ||| UPGRADING to amulet of reflection.
  4020 | D:3      | 4020 ||| DROPPING amulet of the acrobat.
  4021 | D:3      | 4021 ||| READING scroll labelled ZAGRIL IKUNU.
  4022 | D:3      | 4022 ||| READING scroll labelled BEDIXU OLOUL.
  4023 | D:3      | 4023 ||| DRINKING 2 dark potions.
  4024 | D:3      | 4024 ||| DROPPING potion of attraction.
  4136 | D:4      | Found a hazy altar of Hepliaklqana.
  4138 | D:4      | 4138 ||| Stepping ~*~*~tactically~*~*~ (stealth).
  4152 | D:4      | Reached XP level 7. HP: 56/61 MP: 6/6
  4203 | D:4      | 4203 ||| Stepping ~*~*~tactically~*~*~ (stealth).
  4211 | D:4      | 4211 ||| Stepping ~*~*~tactically~*~*~ (stealth).
  4443 | D:4      | 4443 ||| FLEEEEING.
  4444 | D:4      | 4444 ||| FLEEEEING.
  4445 | D:4      | 4445 ||| FLEEEEING.
  4446 | D:4      | 4446 ||| FLEEEEING.
  4447 | D:4      | 4447 ||| FLEEEEING.
  4448 | D:4      | 4448 ||| FLEEEEING.
  4449 | D:4      | 4449 ||| FLEEEEING.
  4450 | D:4      | 4450 ||| FLEEEEING.
  4451 | D:4      | 4451 ||| FLEEEEING.
  4452 | D:4      | 4452 ||| FLEEEEING.
  4453 | D:4      | 4453 ||| FLEEEEING.
  4454 | D:4      | 4454 ||| FLEEEEING.
  4455 | D:4      | 4455 ||| FLEEEEING.
  4456 | D:4      | 4456 ||| FLEEEEING.
  4457 | D:4      | 4457 ||| FLEEEEING.
  4458 | D:4      | 4458 ||| FLEEEEING.
  4459 | D:4      | 4459 ||| FLEEEEING.
  4460 | D:4      | 4460 ||| STAIRDANCE
  4510 | D:3      | 4510 ||| UPGRADING to +0 chain mail.
  4520 | D:3      | 4520 ||| DROPPING +0 ring mail.
  4550 | D:4      | Reached skill level 3 in Armour
  4710 | D:4      | Found a broken altar of Ashenzari.
  4795 | D:4      | Reached *** piety under Trog
  5015 | D:5      | Entered Level 5 of the Dungeon
  5016 | D:5      | 5016 ||| PLANNING OSSUARY
  5016 | D:5      | 5016 ||| INVOKING Berserk.
  5138 | D:5      | 5138 ||| Stepping ~*~*~tactically~*~*~ (stealth).
  5146 | D:5      | 5146 ||| INVOKING Berserk.
  5208 | D:5      | 5208 ||| INVOKING Berserk.
  5211 | D:5      | Reached skill level 10 in Axes
  5397 | D:5      | 5397 ||| READING scroll of teleportation.
  5417 | D:5      | 5417 ||| INVOKING Berserk.
  5435 | D:5      | Reached skill level 6 in Fighting
  5647 | D:5      | 5647 ||| Stepping ~*~*~tactically~*~*~ (stealth).
  5659 | D:5      | Reached XP level 8. HP: 49/68 MP: 7/7
  5669 | D:5      | 5669 ||| FLEEEEING.
  5670 | D:5      | 5670 ||| FLEEEEING.
  5671 | D:5      | 5671 ||| FLEEEEING.
  5672 | D:5      | 5672 ||| FLEEEEING.
  5673 | D:5      | 5673 ||| FLEEEEING.
  5674 | D:5      | 5674 ||| FLEEEEING.
  5675 | D:5      | 5675 ||| FLEEEEING.
  5676 | D:5      | 5676 ||| FLEEEEING.
  5680 | D:5      | 5680 ||| FLEEEEING.
  5681 | D:5      | 5681 ||| FLEEEEING.
  5682 | D:5      | 5682 ||| FLEEEEING.
  5683 | D:5      | 5683 ||| FLEEEEING.
  5693 | D:5      | 5693 ||| FLEEEEING.
  5703 | D:5      | 5703 ||| FLEEEEING.
  5704 | D:5      | 5704 ||| FLEEEEING.
  5705 | D:5      | 5705 ||| FLEEEEING.
  5706 | D:5      | 5706 ||| FLEEEEING.
  5709 | D:5      | 5709 ||| FLEEEEING.
  5710 | D:5      | 5710 ||| FLEEEEING.
  5711 | D:5      | 5711 ||| FLEEEEING.
  5714 | D:5      | 5714 ||| FLEEEEING.
  5715 | D:5      | 5715 ||| FLEEEEING.
  5716 | D:5      | 5716 ||| FLEEEEING.
  5717 | D:5      | 5717 ||| STAIRDANCE
  5792 | D:4      | 5792 ||| UPGRADING to +0 kite shield.
  5798 | D:5      | 5798 ||| RIP OSSUARY
  5799 | D:5      | 5799 ||| PLANNING D:1-11
  5826 | D:5      | 5826 ||| Stepping randomly (stuck).
  5833 | D:5      | Reached skill level 1 in Shields
  5850 | D:5      | 5850 ||| Stepping ~*~*~tactically~*~*~ (stealth).
  5851 | D:5      | 5851 ||| Stepping ~*~*~tactically~*~*~ (stealth).
  5860 | D:5      | 5860 ||| Stepping ~*~*~tactically~*~*~ (stealth).
  5861 | D:5      | 5861 ||| Stepping ~*~*~tactically~*~*~ (stealth).
  5959 | D:5      | 5959 ||| READING scroll of teleportation.
  6080 | D:5      | Identified the +3 leather armour of Muirran {rCorr Dex+2}
  6136 | D:5      | 6136 ||| INVOKING Berserk.
  6140 | D:5      | Reached skill level 3 in Shields
  6267 | D:5      | Identified the ring of Compulsion {AC+4 SInv}
  6487 | D:5      | 6487 ||| Stepping ~*~*~tactically~*~*~ (stealth).
  6488 | D:5      | 6488 ||| Stepping ~*~*~tactically~*~*~ (stealth).
  6531 | D:5      | Found the +2 ratskin cloak {*Rats rPois rN+ Str-1 Int-1
                  | Dex+1}
  6538 | D:5      | 6538 ||| UPGRADING to +2 ratskin cloak {*Rats rPois rN+
                  | Str-1 Int-1 Dex+1}.
  6543 | D:5      | 6543 ||| UPGRADING to ring of Compulsion {AC+4 SInv}.
  6544 | D:5      | 6544 ||| READING 3 scrolls of identify.
  6544 | D:5      | 6544 ||| IDENTIFYING inky potion
  6545 | D:5      | 6545 ||| READING 2 scrolls of identify.
  6545 | D:5      | 6545 ||| IDENTIFYING green potion
  6546 | D:5      | 6546 ||| DROPPING potion of brilliance.
  6547 | D:5      | 6547 ||| DROPPING potion of magic.
  6656 | D:6      | 6656 ||| INVOKING Berserk.
  6954 | D:6      | Noticed Maggie
  6967 | D:6      | Killed Maggie
  7256 | D:6      | 7256 ||| INVOKING Berserk.
  7371 | D:6      | Noticed Grinder
  7372 | D:6      | 7372 ||| Stepping ~*~*~tactically~*~*~ (hiding).
  7376 | D:6      | 7376 ||| INVOKING Trog's Hand.
  7377 | D:6      | 7377 ||| INVOKING Berserk.
  7382 | D:6      | Killed Grinder
  7383 | D:6      | Reached XP level 9. HP: 75/75 MP: 8/8
  7520 | D:6      | Found a staircase to the Ecumenical Temple.
  7547 | D:6      | Reached skill level 11 in Axes
  7583 | D:6      | Found a shadowy altar of Dithmenos.
  7612 | D:6      | Noticed Menkaure
  7613 | D:6      | 7613 ||| Stepping ~*~*~tactically~*~*~ (hiding).
  7617 | D:6      | 7617 ||| INVOKING Berserk.
  7619 | D:6      | Killed Menkaure
  7825 | D:6      | Found a glowing silver altar of Zin.
  7827 | D:6      | Found an opulent altar of Gozag.
  7829 | D:6      | Found an ancient bone altar of Kikubaaqudgha.
  8080 | D:6      | 8080 ||| DRINKING 2 yellow potions.
  8080 | D:6      | Gained mutation: You are strong-willed. (Will+) [potion of
                  | mutation]
  8080 | D:6      | Gained mutation: You are partially covered in iridescent
                  | scales. (AC +2) [potion of mutation]
  8081 | D:6      | 8081 ||| READING 2 scrolls of identify.
  8081 | D:6      | 8081 ||| IDENTIFYING glowing black potion
  8256 | D:7      | Reached skill level 12 in Axes
  8383 | D:7      | Noticed Joseph
  8403 | D:7      | Killed Joseph
  8404 | D:7      | Reached skill level 9 in Shields
  8495 | D:7      | 8495 ||| Stepping ~*~*~tactically~*~*~ (stealth).
  8497 | D:7      | 8497 ||| Stepping ~*~*~tactically~*~*~ (stealth).
  8498 | D:7      | 8498 ||| Stepping ~*~*~tactically~*~*~ (stealth).
  8504 | D:7      | 8504 ||| Stepping ~*~*~tactically~*~*~ (stealth).
  8511 | D:7      | 8511 ||| Stepping ~*~*~tactically~*~*~ (stealth).
  8523 | D:7      | 8523 ||| Stepping ~*~*~tactically~*~*~ (hiding).
  8524 | D:7      | 8524 ||| Stepping ~*~*~tactically~*~*~ (hiding).
  8525 | D:7      | 8525 ||| Stepping ~*~*~tactically~*~*~ (hiding).
  8528 | D:7      | 8528 ||| INVOKING Berserk.
  8826 | D:7      | 8826 ||| FLEEEEING.
  8827 | D:7      | 8827 ||| FLEEEEING.
  8841 | D:7      | Found a white marble altar of Elyvilon.
  8935 | D:7      | 8935 ||| READING scroll labelled PEEWONU NOSOR.
  8936 | D:7      | 8936 ||| READING scroll labelled COTEFF IWATYI.
  8937 | D:7      | 8937 ||| DRINKING 2 amethyst potions.
  8938 | D:7      | 8938 ||| READING 5 scrolls of identify.
  8938 | D:7      | 8938 ||| IDENTIFYING cyan potion
  8939 | D:7      | 8939 ||| READING 4 scrolls of identify.
  8939 | D:7      | 8939 ||| IDENTIFYING smoky clear potion
  8940 | D:7      | 8940 ||| READING 3 scrolls of identify.
  8940 | D:7      | 8940 ||| IDENTIFYING sapphire potion
  8941 | D:7      | 8941 ||| DRINKING potion of experience.
  8941 | D:7      | Reached skill level 16 in Axes
  8941 | D:7      | Reached XP level 10. HP: 86/86 MP: 9/9
  8942 | D:7      | 8942 ||| DROPPING potion of flight.
  8943 | D:7      | 8943 ||| DROPPING potion of ambrosia.
  9031 | D:8      | Found Kohull's Island Escapes.
  9070 | D:8      | 9070 ||| Stepping ~*~*~tactically~*~*~ (hiding).
  9071 | D:8      | 9071 ||| Stepping ~*~*~tactically~*~*~ (hiding).
  9079 | D:8      | 9079 ||| INVOKING Berserk.
  9225 | D:8      | 9225 ||| Stepping ~*~*~tactically~*~*~ (stealth).
  9270 | D:8      | 9270 ||| READING scroll of enchant weapon.
  9270 | D:8      | 9270 ||| ENCHANTING +1 war axe.
  9314 | D:8      | 9314 ||| Stepping ~*~*~tactically~*~*~ (stealth).
  9323 | D:8      | Reached **** piety under Trog
  9325 | D:8      | 9325 ||| FLEEEEING.
  9326 | D:8      | 9326 ||| FLEEEEING.
  9327 | D:8      | 9327 ||| FLEEEEING.
  9328 | D:8      | 9328 ||| FLEEEEING.
  9363 | D:8      | Reached XP level 11. HP: 58/93 MP: 10/10
  9366 | D:8      | 9366 ||| INVOKING Berserk.
  9379 | D:8      | HP: 23/94 [gnoll/+2 halberd of protection[a gnoll sergeant]
                  | (8)]
  9380 | D:8      | 9380 ||| READING 2 scrolls of teleportation.
  9837 | D:8      | Found a hide-covered altar of Uskayaw.
  9837 | D:8      | Found a bloodstained altar of Trog.
 10009 | D:8      | 10009 ||| INVOKING Berserk.
 10367 | D:8      | 10367 ||| UPGRADING to +0 plate armour.
 10377 | D:8      | 10377 ||| DROPPING +0 chain mail.
 10378 | D:8      | 10378 ||| UPGRADING to ring of protection from fire.
 10405 | D:9      | Found Ufear's Assorted Antiques.
 10411 | D:9      | 10411 ||| BUYING potion of haste (230 gold).
 10411 | D:9      | Bought a potion of haste for 230 gold pieces
 10411 | D:9      | 10411 ||| BUYING scroll labelled KUOPIH WEKYUPNA (23 gold).
 10411 | D:9      | Bought a scroll labelled KUOPIH WEKYUPNA for 23 gold pieces
 10411 | D:9      | 10411 ||| BUYING scroll labelled MEUGOGU RAEC (23 gold).
 10411 | D:9      | Bought a scroll labelled MEUGOGU RAEC for 23 gold pieces
 10411 | D:9      | 10411 ||| BUYING scroll of identify (46 gold).
 10411 | D:9      | Bought a scroll of identify for 46 gold pieces
 10411 | D:9      | 10411 ||| BUYING scroll of teleportation (69 gold).
 10411 | D:9      | Bought a scroll of teleportation for 69 gold pieces
 10532 | D:9      | 10532 ||| Stepping ~*~*~tactically~*~*~ (stealth).
 10540 | D:9      | Reached skill level 1 in Throwing
 10542 | D:9      | Reached skill level 6 in Armour
 10602 | D:9      | 10602 ||| Stepping ~*~*~tactically~*~*~ (hiding).
 10834 | D:9      | Noticed a centaur warrior
 10847 | D:9      | Killed a centaur warrior
 11246 | D:9      | Noticed a two-headed ogre
 11247 | D:9      | 11247 ||| Stepping ~*~*~tactically~*~*~ (stealth).
 11248 | D:9      | 11248 ||| INVOKING Berserk.
 11251 | D:9      | Killed a two-headed ogre
 11252 | D:9      | Reached skill level 9 in Fighting
 11380 | D:9      | 11380 ||| READING scroll labelled KUOPIH WEKYUPNA.
 11381 | D:9      | 11381 ||| READING scroll labelled QUIRGHODUE.
 11382 | D:9      | 11382 ||| DROPPING +0 morningstar.
 11383 | D:9      | 11383 ||| READING scroll labelled MEUGOGU RAEC.
 11384 | D:9      | 11384 ||| DRINKING 2 lumpy orange potions.
 11384 | D:9      | Lost intelligence.
 11386 | D:9      | 11386 ||| REMOVING +2 ratskin cloak {*Rats rPois rN+ Str-1
                  | Int-1 Dex+1}.
 11391 | D:9      | 11391 ||| DROPPING potion of degeneration.
 11434 | D:10     | Entered Level 10 of the Dungeon
 11434 | D:10     | Noticed a two-headed ogre
 11436 | D:10     | 11436 ||| STAIRDANCE
 11480 | D:10     | 11480 ||| INVOKING Berserk.
 11484 | D:10     | Killed a two-headed ogre
 11487 | D:10     | 11487 ||| STAIRDANCE
 11724 | D:9      | 11724 ||| UPGRADING to +2 ratskin cloak {*Rats rPois rN+
                  | Str-1 Int-1 Dex+1}.
 11840 | D:10     | Found a staircase to the Lair.
 11873 | D:10     | Reached skill level 3 in Dodging
 11881 | D:10     | Reached ***** piety under Trog
 11929 | D:10     | 11929 ||| Stepping ~*~*~tactically~*~*~ (stealth).
 11951 | D:10     | 11951 ||| INVOKING Berserk.
 11980 | D:10     | 11980 ||| FLEEEEING.
 11988 | D:10     | 11988 ||| STAIRDANCE
 12106 | D:10     | 12106 ||| Stepping ~*~*~tactically~*~*~ (stealth).
 12111 | D:10     | 12111 ||| Stepping ~*~*~tactically~*~*~ (hiding).
 12114 | D:10     | 12114 ||| Stepping ~*~*~tactically~*~*~ (hiding).
 12143 | D:10     | Found a staircase to the Orcish Mines.
 12147 | D:10     | 12147 ||| INVOKING Berserk.
 12383 | D:10     | Found Vott's Book Boutique.
 12473 | D:10     | Found a burning altar of Makhleb.
 12618 | D:10     | 12618 ||| PLANNING LAIR
 12618 | D:10     | 12618 ||| READING scroll labelled NIEBOU NIFFA.
 12662 | Lair:1   | Entered Level 1 of the Lair of Beasts
 12665 | Lair:1   | 12665 ||| INVOKING Berserk.
 12793 | Lair:1   | 12793 ||| Stepping ~*~*~tactically~*~*~ (stealth).
 12795 | Lair:1   | 12795 ||| Stepping ~*~*~tactically~*~*~ (stealth).
 12798 | Lair:1   | 12798 ||| INVOKING Berserk.
 12800 | Lair:1   | Reached skill level 9 in Armour
 12810 | Lair:1   | Reached XP level 12. HP: 106/106 MP: 11/11
 12831 | Lair:1   | 12831 ||| Stepping ~*~*~tactically~*~*~ (stealth).
 12969 | Lair:1   | 12969 ||| INVOKING Berserk.
 13134 | Lair:1   | 13134 ||| INVOKING Berserk.
 13289 | Lair:1   | Received a gift from Trog
 13591 | Lair:1   | Noticed Harold
 13593 | Lair:1   | 13593 ||| INVOKING Berserk.
 13598 | Lair:1   | Killed Harold
 13835 | Lair:1   | 13835 ||| Stepping ~*~*~tactically~*~*~ (stealth).
 14151 | Lair:2   | 14151 ||| Stepping ~*~*~tactically~*~*~ (stealth).
 14152 | Lair:2   | 14152 ||| INVOKING Berserk.
 14167 | Lair:2   | Reached skill level 12 in Shields
 14328 | Lair:2   | Found a staircase to the Shoals.
 14475 | Lair:2   | 14475 ||| INVOKING Berserk.
 14480 | Lair:2   | Reached skill level 12 in Fighting
 14627 | Lair:2   | You fall into a shaft and drop 2 floors!
 14628 | Lair:4   | 14628 ||| INVOKING Berserk.
 14847 | Lair:4   | Found a staircase to the Slime Pits.
 14995 | Lair:4   | 14995 ||| UPGRADING to +0 pair of gloves.
 15000 | Lair:4   | 15000 ||| UPGRADING to +4 ring of protection.
 15002 | Lair:4   | 15002 ||| DROPPING ring of protection from cold.
 15003 | Lair:4   | 15003 ||| DROPPING ring of resist corrosion.
 15004 | Lair:4   | 15004 ||| DROPPING ring of willpower.
 15005 | Lair:4   | 15005 ||| READING 8 scrolls of identify.
 15005 | Lair:4   | 15005 ||| IDENTIFYING grey potion
 15006 | Lair:4   | 15006 ||| READING 7 scrolls of identify.
 15006 | Lair:4   | 15006 ||| IDENTIFYING viscous ruby potion
 15141 | Lair:2   | 15141 ||| Stepping ~*~*~tactically~*~*~ (hiding).
 15174 | Lair:2   | 15174 ||| INVOKING Berserk.
 15375 | Lair:2   | Reached XP level 13. HP: 118/118 MP: 12/12
 15493 | Lair:2   | 15493 ||| INVOKING Berserk.
 15647 | Lair:2   | 15647 ||| INVOKING Berserk.
 15775 | Lair:2   | 15775 ||| INVOKING Berserk.
 16078 | Lair:2   | 16078 ||| UPGRADING to +2 plate armour of willpower.
 16088 | Lair:2   | 16088 ||| DROPPING +0 plate armour.
 16089 | Lair:2   | 16089 ||| DROPPING +0 ice dragon scales.
 16156 | Lair:3   | 16156 ||| Stepping ~*~*~tactically~*~*~ (stealth).
 16322 | Lair:3   | Found a hole to the Spider Nest.
 16346 | Lair:3   | 16346 ||| READING scroll of enchant armour.
 16346 | Lair:3   | 16346 ||| ENCHANTING +0 pair of gloves.
 16385 | Lair:3   | 16385 ||| INVOKING Berserk.
 16613 | Lair:3   | Reached skill level 12 in Armour
 16874 | Lair:3   | 16874 ||| READING 8 scrolls of identify.
 16874 | Lair:3   | 16874 ||| IDENTIFYING murky yellow potion
 16875 | Lair:3   | 16875 ||| DROPPING potion of invisibility.
 16930 | Lair:4   | 16930 ||| Stepping ~*~*~tactically~*~*~ (stealth).
 16931 | Lair:4   | 16931 ||| INVOKING Berserk.
 16954 | Lair:4   | Reached skill level 3 in Throwing
 17116 | Lair:4   | 17116 ||| Stepping ~*~*~tactically~*~*~ (stealth).
 17117 | Lair:4   | 17117 ||| Stepping ~*~*~tactically~*~*~ (stealth).
 17234 | Lair:4   | 17234 ||| INVOKING Berserk.
 17425 | Lair:4   | Noticed Josephine
 17436 | Lair:4   | Killed Josephine
 17732 | Lair:4   | 17732 ||| FLEEEEING.
 17733 | Lair:4   | 17733 ||| FLEEEEING.
 17734 | Lair:4   | 17734 ||| FLEEEEING.
 17735 | Lair:4   | 17735 ||| FLEEEEING.
 17736 | Lair:4   | 17736 ||| FLEEEEING.
 17738 | Lair:4   | 17738 ||| FLEEEEING.
 17739 | Lair:4   | 17739 ||| FLEEEEING.
 17740 | Lair:4   | 17740 ||| FLEEEEING.
 18059 | Lair:4   | 18059 ||| FLEEEEING.
 18060 | Lair:4   | 18060 ||| FLEEEEING.
 18061 | Lair:4   | 18061 ||| FLEEEEING.
 18062 | Lair:4   | 18062 ||| FLEEEEING.
 18063 | Lair:4   | 18063 ||| FLEEEEING.
 18064 | Lair:4   | 18064 ||| FLEEEEING.
 18065 | Lair:4   | 18065 ||| FLEEEEING.
 18066 | Lair:4   | 18066 ||| FLEEEEING.
 18080 | Lair:4   | 18080 ||| FLEEEEING.
 18081 | Lair:4   | 18081 ||| FLEEEEING.
 18082 | Lair:4   | 18082 ||| FLEEEEING.
 18083 | Lair:4   | 18083 ||| FLEEEEING.
 18084 | Lair:4   | 18084 ||| FLEEEEING.
 18246 | Lair:4   | 18246 ||| DROPPING amulet of faith.
 18273 | Lair:5   | Entered Level 5 of the Lair of Beasts
 18293 | Lair:5   | 18293 ||| INVOKING Berserk.
 18428 | Lair:5   | 18428 ||| INVOKING Berserk.
 18449 | Lair:5   | 18449 ||| FLEEEEING.
 18608 | Lair:5   | 18608 ||| INVOKING Berserk.
 18738 | Lair:5   | 18738 ||| Stepping ~*~*~tactically~*~*~ (stealth).
 18740 | Lair:5   | 18740 ||| Stepping ~*~*~tactically~*~*~ (stealth).
 18741 | Lair:5   | 18741 ||| Stepping ~*~*~tactically~*~*~ (stealth).
 18742 | Lair:5   | 18742 ||| Stepping ~*~*~tactically~*~*~ (stealth).
 18744 | Lair:5   | 18744 ||| Stepping ~*~*~tactically~*~*~ (stealth).
 18812 | Lair:5   | 18812 ||| INVOKING Berserk.
 19034 | Lair:5   | 19034 ||| INVOKING Berserk.
 19264 | Lair:5   | 19264 ||| INVOKING Berserk.
 19650 | Lair:5   | Reached skill level 6 in Dodging
 19674 | Lair:5   | 19674 ||| Stepping ~*~*~tactically~*~*~ (stealth).
 19707 | Lair:5   | 19707 ||| INVOKING Brothers in Arms.
 19709 | Lair:5   | 19709 ||| INVOKING Berserk.
 19718 | Lair:5   | Reached XP level 14. HP: 132/132 MP: 13/13
 19729 | Lair:5   | 19729 ||| Stepping ~*~*~tactically~*~*~ (cloud).
 19740 | Lair:5   | 19740 ||| INVOKING Brothers in Arms.
 19741 | Lair:5   | 19741 ||| INVOKING Brothers in Arms.
 19834 | Lair:5   | 19834 ||| INVOKING Berserk.
 19840 | Lair:5   | Reached skill level 15 in Fighting
 19988 | Lair:5   | 19988 ||| INVOKING Berserk.
 20207 | Lair:5   | 20207 ||| PLANNING D:1-11
 20207 | Lair:5   | 20207 ||| DROPPING scarf of harm.
 20208 | Lair:5   | 20208 ||| DROPPING ring of see invisible.
 20327 | D:11     | 20327 ||| Stepping ~*~*~tactically~*~*~ (stealth).
 20347 | D:11     | 20347 ||| Stepping ~*~*~tactically~*~*~ (hiding).
 20348 | D:11     | 20348 ||| Stepping ~*~*~tactically~*~*~ (hiding).
 20608 | D:11     | Found a stormy altar of Qazlal.
 20842 | D:11     | 20842 ||| Stepping ~*~*~tactically~*~*~ (hiding).
 20844 | D:11     | 20844 ||| Stepping ~*~*~tactically~*~*~ (hiding).
 20845 | D:11     | 20845 ||| INVOKING Trog's Hand.
 20885 | D:11     | 20885 ||| Stepping ~*~*~tactically~*~*~ (hiding).
 20987 | D:11     | 20987 ||| Stepping ~*~*~tactically~*~*~ (hiding).
 20989 | D:11     | 20989 ||| Stepping ~*~*~tactically~*~*~ (hiding).
 20992 | D:11     | 20992 ||| INVOKING Trog's Hand.
 21185 | D:11     | 21185 ||| Stepping ~*~*~tactically~*~*~ (stealth).
 21187 | D:11     | 21187 ||| Stepping ~*~*~tactically~*~*~ (stealth).
 21191 | D:11     | 21191 ||| INVOKING Trog's Hand.
 21228 | D:11     | 21228 ||| Stepping ~*~*~tactically~*~*~ (hiding).
 21232 | D:11     | 21232 ||| INVOKING Trog's Hand.
 21238 | D:11     | 21238 ||| Stepping ~*~*~tactically~*~*~ (hiding).
 21252 | D:11     | 21252 ||| FLEEEEING.
 21253 | D:11     | 21253 ||| FLEEEEING.
 21261 | D:11     | 21261 ||| FLEEEEING.
 21262 | D:11     | 21262 ||| Stepping ~*~*~tactically~*~*~ (hiding).
 21268 | D:11     | 21268 ||| INVOKING Trog's Hand.
 21291 | D:11     | Found the +3 warlock's mirror {reflect}
 21354 | D:11     | 21354 ||| INVOKING Trog's Hand.
 21415 | D:11     | 21415 ||| PLANNING D
 21415 | D:11     | 21415 ||| DROPPING ring of positive energy.
 21416 | D:11     | 21416 ||| READING scroll labelled FUADEE ZERPH.
 21416 | D:11     | Identified a scroll of acquirement
 21416 | D:11     | 21416 ||| ACQUIRING +0 pair of gloves of Qaefu Weo {rN+
                  | rCorr}
 21416 | D:11     | Acquired the +0 pair of gloves of Qaefu Weo {rN+ rCorr}
 21418 | D:11     | 21418 ||| UPGRADING to +0 pair of gloves of Qaefu Weo {rN+
                  | rCorr}.
 21837 | D:12     | 21837 ||| INVOKING Berserk.
 22130 | D:12     | Found a sparkling altar of Nemelex Xobeh.
 22135 | D:12     | Noticed Sonja
 22137 | D:12     | Killed Sonja
 22575 | D:12     | 22575 ||| DRINKING 2 white potions.
 22613 | D:12     | 22613 ||| DROPPING potion of lignification.
 22863 | D:12     | Noticed Rupert
 22864 | D:12     | 22864 ||| INVOKING Trog's Hand.
 22865 | D:12     | 22865 ||| INVOKING Berserk.
 22876 | D:12     | Killed Rupert
 22877 | D:12     | Reached skill level 6 in Throwing
 22891 | D:12     | Noticed Lodul
 22901 | D:12     | Killed Lodul
 23227 | D:13     | 23227 ||| Stepping ~*~*~tactically~*~*~ (stealth).
 23229 | D:13     | 23229 ||| Stepping ~*~*~tactically~*~*~ (stealth).
 23238 | D:13     | 23238 ||| Stepping ~*~*~tactically~*~*~ (stealth).
 23242 | D:13     | 23242 ||| Stepping ~*~*~tactically~*~*~ (water).
 23449 | D:13     | 23449 ||| Stepping ~*~*~tactically~*~*~ (water).
 23526 | D:13     | 23526 ||| Stepping ~*~*~tactically~*~*~ (water).
 23571 | D:13     | 23571 ||| FLEEEEING.
 23572 | D:13     | 23572 ||| FLEEEEING.
 23580 | D:13     | 23580 ||| FLEEEEING.
 23581 | D:13     | 23581 ||| FLEEEEING.
 23582 | D:13     | 23582 ||| FLEEEEING.
 23632 | D:13     | 23632 ||| FLEEEEING.
 23842 | D:14     | 23842 ||| STAIRDANCE
 23860 | D:14     | Identified the +8 quarterstaff of Immorality {vorpal, Fly
                  | rPois Str+7}
 23919 | D:13     | 23919 ||| READING 5 scrolls of teleportation.
 23920 | D:13     | 23920 ||| STAIRDANCE
 24019 | D:13     | 24019 ||| READING 4 scrolls of teleportation.
 24020 | D:13     | 24020 ||| STAIRDANCE
 24115 | D:13     | 24115 ||| READING 3 scrolls of teleportation.
 24116 | D:13     | 24116 ||| STAIRDANCE
 24205 | D:13     | 24205 ||| READING 2 scrolls of teleportation.
 24206 | D:13     | 24206 ||| STAIRDANCE
 24286 | D:13     | 24286 ||| READING scroll of teleportation.
 24287 | D:13     | 24287 ||| STAIRDANCE
 24377 | D:13     | 24377 ||| Stepping randomly (stuck).
 24455 | D:13     | 24455 ||| Stepping randomly (stuck).
 24533 | D:13     | 24533 ||| Stepping randomly (stuck).
 24611 | D:13     | 24611 ||| Stepping randomly (stuck).
 24689 | D:13     | 24689 ||| Stepping randomly (stuck).
 24767 | D:13     | 24767 ||| Stepping randomly (stuck).
 24845 | D:13     | 24845 ||| Stepping randomly (stuck).
 24923 | D:13     | 24923 ||| Stepping randomly (stuck).
 25001 | D:13     | 25001 ||| Stepping randomly (stuck).
 25079 | D:13     | 25079 ||| Stepping randomly (stuck).
 25157 | D:13     | 25157 ||| Stepping randomly (stuck).
 25235 | D:13     | 25235 ||| Stepping randomly (stuck).
 25313 | D:13     | 25313 ||| Stepping randomly (stuck).
 25391 | D:13     | 25391 ||| Stepping randomly (stuck).
 25469 | D:13     | 25469 ||| Stepping randomly (stuck).
 25547 | D:13     | 25547 ||| Stepping randomly (stuck).
 25625 | D:13     | 25625 ||| Stepping randomly (stuck).
 25703 | D:13     | 25703 ||| Stepping randomly (stuck).
 25781 | D:13     | 25781 ||| Stepping randomly (stuck).
 25859 | D:13     | 25859 ||| Stepping randomly (stuck).
 25937 | D:13     | 25937 ||| Stepping randomly (stuck).
 26015 | D:13     | 26015 ||| Stepping randomly (stuck).
 26093 | D:13     | 26093 ||| Stepping randomly (stuck).
 26171 | D:13     | 26171 ||| Stepping randomly (stuck).
 26249 | D:13     | 26249 ||| Stepping randomly (stuck).
 26327 | D:13     | 26327 ||| Stepping randomly (stuck).
 26394 | D:13     | 26394 ||| INVOKING Berserk.
 26624 | D:13     | 26624 ||| Stepping randomly (stuck).
 26702 | D:13     | 26702 ||| Stepping randomly (stuck).
 26780 | D:13     | 26780 ||| Stepping randomly (stuck).
 26858 | D:13     | 26858 ||| Stepping randomly (stuck).
 26936 | D:13     | 26936 ||| Stepping randomly (stuck).
 27014 | D:13     | 27014 ||| Stepping randomly (stuck).
 27092 | D:13     | 27092 ||| Stepping randomly (stuck).
 27170 | D:13     | 27170 ||| Stepping randomly (stuck).
 27248 | D:13     | 27248 ||| Stepping randomly (stuck).
 27326 | D:13     | 27326 ||| Stepping randomly (stuck).
 27404 | D:13     | 27404 ||| Stepping randomly (stuck).
 27482 | D:13     | 27482 ||| Stepping randomly (stuck).
 27560 | D:13     | 27560 ||| Stepping randomly (stuck).
 27638 | D:13     | 27638 ||| Stepping randomly (stuck).
 27716 | D:13     | 27716 ||| Stepping randomly (stuck).
 27794 | D:13     | 27794 ||| Stepping randomly (stuck).
 27872 | D:13     | 27872 ||| Stepping randomly (stuck).
 27950 | D:13     | 27950 ||| Stepping randomly (stuck).
 28028 | D:13     | 28028 ||| Stepping randomly (stuck).
 28106 | D:13     | 28106 ||| Stepping randomly (stuck).
 28184 | D:13     | 28184 ||| Stepping randomly (stuck).
 28262 | D:13     | 28262 ||| Stepping randomly (stuck).
 28340 | D:13     | 28340 ||| Stepping randomly (stuck).
 28418 | D:13     | 28418 ||| Stepping randomly (stuck).
 28496 | D:13     | 28496 ||| Stepping randomly (stuck).
 28574 | D:13     | 28574 ||| Stepping randomly (stuck).
 28652 | D:13     | 28652 ||| Stepping randomly (stuck).
 28730 | D:13     | 28730 ||| Stepping randomly (stuck).
 28808 | D:13     | 28808 ||| Stepping randomly (stuck).
 28886 | D:13     | 28886 ||| Stepping randomly (stuck).
 28964 | D:13     | 28964 ||| Stepping randomly (stuck).
 29042 | D:13     | 29042 ||| Stepping randomly (stuck).
 29120 | D:13     | 29120 ||| Stepping randomly (stuck).
 29198 | D:13     | 29198 ||| Stepping randomly (stuck).
 29276 | D:13     | 29276 ||| Stepping randomly (stuck).
 29354 | D:13     | 29354 ||| Stepping randomly (stuck).
 29432 | D:13     | 29432 ||| Stepping randomly (stuck).
 29510 | D:13     | 29510 ||| Stepping randomly (stuck).
 29588 | D:13     | 29588 ||| Stepping randomly (stuck).
 29666 | D:13     | 29666 ||| Stepping randomly (stuck).
 29744 | D:13     | 29744 ||| Stepping randomly (stuck).
 29822 | D:13     | 29822 ||| Stepping randomly (stuck).
 29900 | D:13     | 29900 ||| Stepping randomly (stuck).
 29978 | D:13     | 29978 ||| Stepping randomly (stuck).
 30056 | D:13     | 30056 ||| Stepping randomly (stuck).
 30134 | D:13     | 30134 ||| Stepping randomly (stuck).
 30212 | D:13     | 30212 ||| Stepping randomly (stuck).
 30290 | D:13     | 30290 ||| Stepping randomly (stuck).
 30368 | D:13     | 30368 ||| Stepping randomly (stuck).
 30446 | D:13     | 30446 ||| Stepping randomly (stuck).
 30524 | D:13     | 30524 ||| Stepping randomly (stuck).
 30602 | D:13     | 30602 ||| Stepping randomly (stuck).
 30680 | D:13     | 30680 ||| Stepping randomly (stuck).
 30758 | D:13     | 30758 ||| Stepping randomly (stuck).
 30836 | D:13     | 30836 ||| Stepping randomly (stuck).
 30914 | D:13     | 30914 ||| Stepping randomly (stuck).
 30992 | D:13     | 30992 ||| Stepping randomly (stuck).
 31070 | D:13     | 31070 ||| Stepping randomly (stuck).
 31148 | D:13     | 31148 ||| Stepping randomly (stuck).
 31226 | D:13     | 31226 ||| Stepping randomly (stuck).
 31304 | D:13     | 31304 ||| Stepping randomly (stuck).
 31382 | D:13     | 31382 ||| Stepping randomly (stuck).
 31460 | D:13     | 31460 ||| Stepping randomly (stuck).
 31538 | D:13     | 31538 ||| Stepping randomly (stuck).
 31616 | D:13     | 31616 ||| Stepping randomly (stuck).
 31694 | D:13     | 31694 ||| Stepping randomly (stuck).
 31772 | D:13     | 31772 ||| Stepping randomly (stuck).
 31850 | D:13     | 31850 ||| Stepping randomly (stuck).
 31928 | D:13     | 31928 ||| Stepping randomly (stuck).
 32006 | D:13     | 32006 ||| Stepping randomly (stuck).
 32084 | D:13     | 32084 ||| Stepping randomly (stuck).
 32162 | D:13     | 32162 ||| Stepping randomly (stuck).
 32240 | D:13     | 32240 ||| Stepping randomly (stuck).
 32318 | D:13     | 32318 ||| Stepping randomly (stuck).
 32396 | D:13     | 32396 ||| Stepping randomly (stuck).
 32474 | D:13     | 32474 ||| Stepping randomly (stuck).
 32552 | D:13     | 32552 ||| Stepping randomly (stuck).
 32630 | D:13     | 32630 ||| Stepping randomly (stuck).
 32708 | D:13     | 32708 ||| Stepping randomly (stuck).
 32786 | D:13     | 32786 ||| Stepping randomly (stuck).
 32864 | D:13     | 32864 ||| Stepping randomly (stuck).
 32942 | D:13     | 32942 ||| Stepping randomly (stuck).
 33020 | D:13     | 33020 ||| Stepping randomly (stuck).
 33098 | D:13     | 33098 ||| Stepping randomly (stuck).
 33176 | D:13     | 33176 ||| Stepping randomly (stuck).
 33254 | D:13     | 33254 ||| Stepping randomly (stuck).
 33332 | D:13     | 33332 ||| Stepping randomly (stuck).
 33410 | D:13     | 33410 ||| Stepping randomly (stuck).
 33488 | D:13     | 33488 ||| Stepping randomly (stuck).
 33566 | D:13     | 33566 ||| Stepping randomly (stuck).
 33644 | D:13     | 33644 ||| Stepping randomly (stuck).
 33722 | D:13     | 33722 ||| Stepping randomly (stuck).
 33800 | D:13     | 33800 ||| Stepping randomly (stuck).
 33878 | D:13     | 33878 ||| Stepping randomly (stuck).
 33956 | D:13     | 33956 ||| Stepping randomly (stuck).
 34034 | D:13     | 34034 ||| Stepping randomly (stuck).
 34112 | D:13     | 34112 ||| Stepping randomly (stuck).
 34190 | D:13     | 34190 ||| Stepping randomly (stuck).
 34268 | D:13     | 34268 ||| Stepping randomly (stuck).
 34346 | D:13     | 34346 ||| Stepping randomly (stuck).
 34424 | D:13     | 34424 ||| Stepping randomly (stuck).
 34502 | D:13     | 34502 ||| Stepping randomly (stuck).
 34580 | D:13     | 34580 ||| Stepping randomly (stuck).
 34658 | D:13     | 34658 ||| Stepping randomly (stuck).
 34736 | D:13     | 34736 ||| Stepping randomly (stuck).
 34814 | D:13     | 34814 ||| Stepping randomly (stuck).
 34892 | D:13     | 34892 ||| Stepping randomly (stuck).
 34970 | D:13     | 34970 ||| Stepping randomly (stuck).
 35048 | D:13     | 35048 ||| Stepping randomly (stuck).
 35126 | D:13     | 35126 ||| Stepping randomly (stuck).
 35204 | D:13     | 35204 ||| Stepping randomly (stuck).
 35282 | D:13     | 35282 ||| Stepping randomly (stuck).
 35360 | D:13     | 35360 ||| Stepping randomly (stuck).
 35438 | D:13     | 35438 ||| Stepping randomly (stuck).
 35516 | D:13     | 35516 ||| Stepping randomly (stuck).
 35594 | D:13     | 35594 ||| Stepping randomly (stuck).
 35672 | D:13     | 35672 ||| Stepping randomly (stuck).
 35750 | D:13     | 35750 ||| Stepping randomly (stuck).
 35828 | D:13     | 35828 ||| Stepping randomly (stuck).
 35906 | D:13     | 35906 ||| Stepping randomly (stuck).
 35984 | D:13     | 35984 ||| Stepping randomly (stuck).
 36062 | D:13     | 36062 ||| Stepping randomly (stuck).
 36140 | D:13     | 36140 ||| Stepping randomly (stuck).
 36218 | D:13     | 36218 ||| Stepping randomly (stuck).
 36296 | D:13     | 36296 ||| Stepping randomly (stuck).
 36374 | D:13     | 36374 ||| Stepping randomly (stuck).
 36452 | D:13     | 36452 ||| Stepping randomly (stuck).
 36530 | D:13     | 36530 ||| Stepping randomly (stuck).
 36608 | D:13     | 36608 ||| Stepping randomly (stuck).
 36686 | D:13     | 36686 ||| Stepping randomly (stuck).
 36764 | D:13     | 36764 ||| Stepping randomly (stuck).
 36842 | D:13     | 36842 ||| Stepping randomly (stuck).
 36920 | D:13     | 36920 ||| Stepping randomly (stuck).
 36998 | D:13     | 36998 ||| Stepping randomly (stuck).
 37076 | D:13     | 37076 ||| Stepping randomly (stuck).
 37154 | D:13     | 37154 ||| Stepping randomly (stuck).
 37232 | D:13     | 37232 ||| Stepping randomly (stuck).
 37310 | D:13     | 37310 ||| Stepping randomly (stuck).
 37388 | D:13     | 37388 ||| Stepping randomly (stuck).
 37466 | D:13     | 37466 ||| Stepping randomly (stuck).
 37544 | D:13     | 37544 ||| Stepping randomly (stuck).
 37622 | D:13     | 37622 ||| Stepping randomly (stuck).
 37700 | D:13     | 37700 ||| Stepping randomly (stuck).
 37778 | D:13     | 37778 ||| Stepping randomly (stuck).
 37856 | D:13     | 37856 ||| Stepping randomly (stuck).
 37934 | D:13     | 37934 ||| Stepping randomly (stuck).
 38012 | D:13     | 38012 ||| Stepping randomly (stuck).
 38090 | D:13     | 38090 ||| Stepping randomly (stuck).
 38168 | D:13     | 38168 ||| Stepping randomly (stuck).
 38246 | D:13     | 38246 ||| Stepping randomly (stuck).
 38324 | D:13     | 38324 ||| Stepping randomly (stuck).
 38402 | D:13     | 38402 ||| Stepping randomly (stuck).
 38480 | D:13     | 38480 ||| Stepping randomly (stuck).
 38558 | D:13     | 38558 ||| Stepping randomly (stuck).
 38636 | D:13     | 38636 ||| Stepping randomly (stuck).
 38714 | D:13     | 38714 ||| Stepping randomly (stuck).
 38792 | D:13     | 38792 ||| Stepping randomly (stuck).
 38870 | D:13     | 38870 ||| Stepping randomly (stuck).
 38948 | D:13     | 38948 ||| Stepping randomly (stuck).
 39026 | D:13     | 39026 ||| Stepping randomly (stuck).
 39104 | D:13     | 39104 ||| Stepping randomly (stuck).
 39182 | D:13     | 39182 ||| Stepping randomly (stuck).
 39260 | D:13     | 39260 ||| Stepping randomly (stuck).
 39338 | D:13     | 39338 ||| Stepping randomly (stuck).
 39416 | D:13     | 39416 ||| Stepping randomly (stuck).
 39494 | D:13     | 39494 ||| Stepping randomly (stuck).
 39572 | D:13     | 39572 ||| Stepping randomly (stuck).
 39650 | D:13     | 39650 ||| Stepping randomly (stuck).
 39728 | D:13     | 39728 ||| Stepping randomly (stuck).
 39806 | D:13     | 39806 ||| Stepping randomly (stuck).
 39884 | D:13     | 39884 ||| Stepping randomly (stuck).
 39962 | D:13     | 39962 ||| Stepping randomly (stuck).
 40040 | D:13     | 40040 ||| Stepping randomly (stuck).
 40118 | D:13     | 40118 ||| Stepping randomly (stuck).
 40196 | D:13     | 40196 ||| Stepping randomly (stuck).
 40274 | D:13     | 40274 ||| Stepping randomly (stuck).
 40352 | D:13     | 40352 ||| Stepping randomly (stuck).
 40430 | D:13     | 40430 ||| Stepping randomly (stuck).
 40508 | D:13     | 40508 ||| Stepping randomly (stuck).
 40586 | D:13     | 40586 ||| Stepping randomly (stuck).
 40664 | D:13     | 40664 ||| Stepping randomly (stuck).
 40742 | D:13     | 40742 ||| Stepping randomly (stuck).
 40820 | D:13     | 40820 ||| Stepping randomly (stuck).
 40898 | D:13     | 40898 ||| Stepping randomly (stuck).
 40976 | D:13     | 40976 ||| Stepping randomly (stuck).
 41054 | D:13     | 41054 ||| Stepping randomly (stuck).
 41132 | D:13     | 41132 ||| Stepping randomly (stuck).
 41210 | D:13     | 41210 ||| Stepping randomly (stuck).
 41288 | D:13     | 41288 ||| Stepping randomly (stuck).
 41366 | D:13     | 41366 ||| Stepping randomly (stuck).
 41444 | D:13     | 41444 ||| Stepping randomly (stuck).
 41522 | D:13     | 41522 ||| Stepping randomly (stuck).
 41600 | D:13     | 41600 ||| Stepping randomly (stuck).
 41678 | D:13     | 41678 ||| Stepping randomly (stuck).
 41756 | D:13     | 41756 ||| Stepping randomly (stuck).
 41834 | D:13     | 41834 ||| Stepping randomly (stuck).
 41912 | D:13     | 41912 ||| Stepping randomly (stuck).
 41990 | D:13     | 41990 ||| Stepping randomly (stuck).
 42068 | D:13     | 42068 ||| Stepping randomly (stuck).
 42146 | D:13     | 42146 ||| Stepping randomly (stuck).
 42224 | D:13     | 42224 ||| Stepping randomly (stuck).
 42302 | D:13     | 42302 ||| Stepping randomly (stuck).
 42380 | D:13     | 42380 ||| Stepping randomly (stuck).
 42458 | D:13     | 42458 ||| Stepping randomly (stuck).
 42536 | D:13     | 42536 ||| Stepping randomly (stuck).
 42614 | D:13     | 42614 ||| Stepping randomly (stuck).
 42692 | D:13     | 42692 ||| Stepping randomly (stuck).
 42770 | D:13     | 42770 ||| Stepping randomly (stuck).
 42848 | D:13     | 42848 ||| Stepping randomly (stuck).
 42926 | D:13     | 42926 ||| Stepping randomly (stuck).
 43004 | D:13     | 43004 ||| Stepping randomly (stuck).
 43082 | D:13     | 43082 ||| Stepping randomly (stuck).
 43160 | D:13     | 43160 ||| Stepping randomly (stuck).
 43238 | D:13     | 43238 ||| Stepping randomly (stuck).
 43316 | D:13     | 43316 ||| Stepping randomly (stuck).
 43394 | D:13     | 43394 ||| Stepping randomly (stuck).
 43472 | D:13     | 43472 ||| Stepping randomly (stuck).
 43550 | D:13     | 43550 ||| Stepping randomly (stuck).
 43628 | D:13     | 43628 ||| Stepping randomly (stuck).
 43706 | D:13     | 43706 ||| Stepping randomly (stuck).
 43784 | D:13     | 43784 ||| Stepping randomly (stuck).
 43862 | D:13     | 43862 ||| Stepping randomly (stuck).
 43940 | D:13     | 43940 ||| Stepping randomly (stuck).
 44018 | D:13     | 44018 ||| Stepping randomly (stuck).
 44096 | D:13     | 44096 ||| Stepping randomly (stuck).
 44174 | D:13     | 44174 ||| Stepping randomly (stuck).
 44252 | D:13     | 44252 ||| Stepping randomly (stuck).
 44330 | D:13     | 44330 ||| Stepping randomly (stuck).
 44408 | D:13     | 44408 ||| Stepping randomly (stuck).
 44486 | D:13     | 44486 ||| Stepping randomly (stuck).
 44564 | D:13     | 44564 ||| Stepping randomly (stuck).
 44642 | D:13     | 44642 ||| Stepping randomly (stuck).
 44720 | D:13     | 44720 ||| Stepping randomly (stuck).
 44798 | D:13     | 44798 ||| Stepping randomly (stuck).
 44876 | D:13     | 44876 ||| Stepping randomly (stuck).
 44954 | D:13     | 44954 ||| Stepping randomly (stuck).
 45032 | D:13     | 45032 ||| Stepping randomly (stuck).
 45110 | D:13     | 45110 ||| Stepping randomly (stuck).
 45188 | D:13     | 45188 ||| Stepping randomly (stuck).
 45266 | D:13     | 45266 ||| Stepping randomly (stuck).
 45344 | D:13     | 45344 ||| Stepping randomly (stuck).
 45422 | D:13     | 45422 ||| Stepping randomly (stuck).
 45500 | D:13     | 45500 ||| Stepping randomly (stuck).
 45578 | D:13     | 45578 ||| Stepping randomly (stuck).
 45656 | D:13     | 45656 ||| Stepping randomly (stuck).
 45734 | D:13     | 45734 ||| Stepping randomly (stuck).
 45812 | D:13     | 45812 ||| Stepping randomly (stuck).
 45890 | D:13     | 45890 ||| Stepping randomly (stuck).
 45968 | D:13     | 45968 ||| Stepping randomly (stuck).
 46046 | D:13     | 46046 ||| Stepping randomly (stuck).
 46124 | D:13     | 46124 ||| Stepping randomly (stuck).
 46202 | D:13     | 46202 ||| Stepping randomly (stuck).
 46280 | D:13     | 46280 ||| Stepping randomly (stuck).
 46358 | D:13     | 46358 ||| Stepping randomly (stuck).
 46436 | D:13     | 46436 ||| Stepping randomly (stuck).
 46514 | D:13     | 46514 ||| Stepping randomly (stuck).
 46592 | D:13     | 46592 ||| Stepping randomly (stuck).
 46670 | D:13     | 46670 ||| Stepping randomly (stuck).
 46748 | D:13     | 46748 ||| Stepping randomly (stuck).
 46826 | D:13     | 46826 ||| Stepping randomly (stuck).
 46904 | D:13     | 46904 ||| Stepping randomly (stuck).
 46982 | D:13     | 46982 ||| Stepping randomly (stuck).
 47060 | D:13     | 47060 ||| Stepping randomly (stuck).
 47138 | D:13     | 47138 ||| Stepping randomly (stuck).
 47216 | D:13     | 47216 ||| Stepping randomly (stuck).
 47294 | D:13     | 47294 ||| Stepping randomly (stuck).
 47372 | D:13     | 47372 ||| Stepping randomly (stuck).
 47450 | D:13     | 47450 ||| Stepping randomly (stuck).
 47528 | D:13     | 47528 ||| Stepping randomly (stuck).
 47606 | D:13     | 47606 ||| Stepping randomly (stuck).
 47684 | D:13     | 47684 ||| Stepping randomly (stuck).
 47762 | D:13     | 47762 ||| Stepping randomly (stuck).
 47840 | D:13     | 47840 ||| Stepping randomly (stuck).
 47918 | D:13     | 47918 ||| Stepping randomly (stuck).
 47996 | D:13     | 47996 ||| Stepping randomly (stuck).
 48074 | D:13     | 48074 ||| Stepping randomly (stuck).
 48152 | D:13     | 48152 ||| Stepping randomly (stuck).
 48230 | D:13     | 48230 ||| Stepping randomly (stuck).
 48308 | D:13     | 48308 ||| Stepping randomly (stuck).
 48386 | D:13     | 48386 ||| Stepping randomly (stuck).
 48464 | D:13     | 48464 ||| Stepping randomly (stuck).
 48542 | D:13     | 48542 ||| Stepping randomly (stuck).
 48620 | D:13     | 48620 ||| Stepping randomly (stuck).
 48698 | D:13     | 48698 ||| Stepping randomly (stuck).
 48776 | D:13     | 48776 ||| Stepping randomly (stuck).
 48854 | D:13     | 48854 ||| Stepping randomly (stuck).
 48874 | D:13     | Glimpsed the power of Zot.
 48932 | D:13     | 48932 ||| Stepping randomly (stuck).
 49010 | D:13     | 49010 ||| Stepping randomly (stuck).
 49088 | D:13     | 49088 ||| Stepping randomly (stuck).
 49166 | D:13     | 49166 ||| Stepping randomly (stuck).
 49244 | D:13     | 49244 ||| Stepping randomly (stuck).
 49322 | D:13     | 49322 ||| Stepping randomly (stuck).
 49356 | D:13     | Glimpsed the power of Zot.
 49400 | D:13     | 49400 ||| Stepping randomly (stuck).
 49478 | D:13     | 49478 ||| Stepping randomly (stuck).
 49556 | D:13     | 49556 ||| Stepping randomly (stuck).
 49634 | D:13     | 49634 ||| Stepping randomly (stuck).
 49712 | D:13     | 49712 ||| Stepping randomly (stuck).
 49741 | D:13     | Glimpsed the power of Zot.
 49790 | D:13     | 49790 ||| Stepping randomly (stuck).
 49837 | D:13     | Touched by the power of Zot.
 49838 | D:13     | Glimpsed the power of Zot.
 49868 | D:13     | 49868 ||| Stepping randomly (stuck).
 49946 | D:13     | 49946 ||| Stepping randomly (stuck).
 50024 | D:13     | 50024 ||| Stepping randomly (stuck).
 50102 | D:13     | 50102 ||| Stepping randomly (stuck).
 50180 | D:13     | 50180 ||| Stepping randomly (stuck).
 50258 | D:13     | 50258 ||| Stepping randomly (stuck).
 50320 | D:13     | Glimpsed the power of Zot.
 50336 | D:13     | 50336 ||| Stepping randomly (stuck).
 50414 | D:13     | 50414 ||| Stepping randomly (stuck).
 50492 | D:13     | 50492 ||| Stepping randomly (stuck).
 50570 | D:13     | 50570 ||| Stepping randomly (stuck).
 50648 | D:13     | 50648 ||| Stepping randomly (stuck).
 50705 | D:13     | Glimpsed the power of Zot.
 50726 | D:13     | 50726 ||| Stepping randomly (stuck).
 50801 | D:12     | Touched by the power of Zot.
 50802 | D:12     | Glimpsed the power of Zot.
 50804 | D:13     | 50804 ||| Stepping randomly (stuck).
 50882 | D:13     | 50882 ||| Stepping randomly (stuck).
 50960 | D:13     | 50960 ||| Stepping randomly (stuck).
 51038 | D:13     | 51038 ||| Stepping randomly (stuck).
 51116 | D:13     | 51116 ||| Stepping randomly (stuck).
 51194 | D:13     | 51194 ||| Stepping randomly (stuck).
 51272 | D:13     | 51272 ||| Stepping randomly (stuck).
 51282 | D:13     | Glimpsed the power of Zot.
 51350 | D:13     | 51350 ||| Stepping randomly (stuck).
 51428 | D:13     | 51428 ||| Stepping randomly (stuck).
 51506 | D:13     | 51506 ||| Stepping randomly (stuck).
 51584 | D:13     | 51584 ||| Stepping randomly (stuck).
 51662 | D:13     | 51662 ||| Stepping randomly (stuck).
 51667 | D:13     | Glimpsed the power of Zot.
 51740 | D:13     | 51740 ||| Stepping randomly (stuck).
 51764 | D:13     | Touched by the power of Zot.
 51765 | D:13     | Glimpsed the power of Zot.
 51818 | D:13     | 51818 ||| Stepping randomly (stuck).
 51896 | D:13     | 51896 ||| Stepping randomly (stuck).
 51974 | D:13     | 51974 ||| Stepping randomly (stuck).
 52052 | D:13     | 52052 ||| Stepping randomly (stuck).
 52130 | D:13     | 52130 ||| Stepping randomly (stuck).
 52208 | D:13     | 52208 ||| Stepping randomly (stuck).
 52247 | D:14     | Glimpsed the power of Zot.
 52286 | D:13     | 52286 ||| Stepping randomly (stuck).
 52364 | D:13     | 52364 ||| Stepping randomly (stuck).
 52442 | D:13     | 52442 ||| Stepping randomly (stuck).
 52520 | D:13     | 52520 ||| Stepping randomly (stuck).
 52598 | D:13     | 52598 ||| Stepping randomly (stuck).
 52632 | D:13     | Glimpsed the power of Zot.
 52676 | D:13     | 52676 ||| Stepping randomly (stuck).
 52727 | D:13     | Tarried too long and was consumed by Zot

Levels and vault maps discovered:
D:1:      lightli_arrival_quake, layout_basic, basic_ecumenical_altar,
          chequers_decorated_corner, minmay_tree_intersection, minivault_27,
          serial_bayou_lake_a
D:2:      layout_basic, serial_shops, shop_fountains, minmay_distorted,
          uniq_robin, uniq_sigmund
D:3:      kennysheep_six_static_rooms, layout_basic, lemuel_tele_altar,
          serial_undead, serial_undead_f, serial_undead_d, serial_undead_a,
          serial_undead_b, serial_undead_c, serial_undead_a
D:4:      layout_basic, mainiacjoe_overflow_brackets,
          mainiacjoe_overflow_alcove_4
D:5:      wander_guarded_unrand_ratskin, layout_gridville, serial_glass,
          glass_columns_b, glass_columns_b, enter_ossuary_1,
          guppyfry_early_lair_pool
D:6:      nicolae_cairo_tiling_very_big, layout_basic, minitemple,
          minmay_temple_entry_stoned_glass, chequers_serial_rivers_large_a,
          uniq_menkaure, uniq_maggie, uniq_grinder
D:7:      layout_cave_pools, kennysheep_mini, hangedman_abyss_or_decor_slice,
          uniq_joseph
D:8:      layout_basic, gammafunk_temple_overflow_wave, special_room
          [special_room_orc], nicolae_island_escapes
D:9:      layout_irregular_city, serial_shops, nicolae_shop_crystal
D:10:     layout_cave_pools, bloody_makhleb, david_lair_generic, erik_orc_1,
          serial_shops, shop
D:11:     minmay_smoke_and_mirrors, layout_long_grid,
          nicolae_qazlal_general_emergency
D:12:     layout_basic, nemelex_xobeh_ov_fountains_minmay, uniq_rupert,
          uniq_sonja, uniq_lodul
D:13:     erik_rubicon_b, layout_loops_ring, grunt_vaults_entry_tiered
D:14:     minmay_stone_box, layout_long_grid, kennysheep_pointless_box
Lair:1:   layout_long_grid, portal_ice_cave_entry_imps,
          cheibrodos_lair_reptile_den, uniq_harold
Lair:2:   layout_cave_pods, elwin_shoals_entry_stream, beast_lair_carwin_6,
          serial_bayou_shore_b, lemuel_fruit_fields
Lair:3:   layout_hall_layers, spider_nest_entry_rubble
Lair:4:   cheibrodos_magma_flow, layout_regular_city,
          minmay_slime_entry_pillars, grunt_megastairs_2, uniq_josephine
Lair:5:   grunt_lair_end_beastmaster, layout_loops_ring

Skill      XL: |  1  2  3  4  5  6  7  8  9 10 11 12 13 14 |
---------------+-------------------------------------------+-----
Axes           | 4 5 6 7 9 10 16 | 16.7
Fighting       | 4 5 6 7 10 12 14 15 | 15.0
Armour         | 3 5 9 11 13 14 | 14.0
Shields        | 7 9 10 13 14 | 14.0
Throwing       | 2 3 8 |  8.0
Dodging        | 3 4 6 |  6.0

Action                   |  1- 3 |  4- 6 |  7- 9 | 10-12 | 13-15 || total
-------------------------+-------+-------+-------+-------+-------++-------
Melee: War axe           |    41 |   129 |   310 |   451 |   489 ||  1420
       Headbutt          |     8 |    19 |    57 |    81 |   102 ||   267
       Unarmed           |     5 |       |       |       |       ||     5
       Punch             |       |     3 |       |       |       ||     3
Throw: Boomerang         |    24 |    36 |       |    98 |    90 ||   248
       Javelin           |       |       |       |       |    17 ||    17
Invok: Berserk           |     3 |     4 |    10 |    16 |    18 ||    51
       Trog's Hand       |       |       |     1 |       |     7 ||     8
       Brothers in Arms  |       |       |       |       |     2 ||     2
  Use: Scroll            |     6 |     4 |    10 |     8 |     8 ||    36
       Potion            |       |     2 |     3 |     1 |     1 ||     7
Armor: Animal skin       |    11 |     2 |       |       |       ||    13
       Leather armour    |       |    24 |       |       |       ||    24
       Ring mail         |       |     2 |     4 |       |       ||     6
       Chain mail        |       |       |    88 |    30 |       ||   118
       Plate armour      |       |       |       |   137 |   142 ||   279
Dodge: Dodged            |    23 |    66 |    61 |    85 |    90 ||   325
Block: Other             |       |       |    18 |       |       ||    18
       Kite shield       |       |       |   102 |   305 |   272 ||   679
       Reflection        |       |       |     9 |    14 |    20 ||    43

Table legend:
 A = Non-vault XP
 B = Vault XP
 C = Vault XP percentage of total XP
 D = Non-vault monster count
 E = Vault monster count
 F = Vault count percentage of total count
                 A         B        C        D         E       F
            +---------+---------+-------+---------+---------+-------
      Total |   48430 |   36294 |  42.8 |     331 |     196 |  37.2
            +---------+---------+-------+---------+---------+-------
        D:1 |      33 |       0 |   0.0 |      11 |       0 |   0.0
        D:2 |      64 |     255 |  79.9 |      25 |      15 |  37.5
        D:3 |     120 |     185 |  60.7 |      27 |      16 |  37.2
        D:4 |     208 |       0 |   0.0 |      17 |       0 |   0.0
        D:5 |     846 |     297 |  26.0 |      26 |      18 |  40.9
        D:6 |     786 |     864 |  52.4 |      18 |       3 |  14.3
        D:7 |    1140 |     455 |  28.5 |      15 |       1 |   6.2
        D:8 |    1019 |     633 |  38.3 |      23 |      25 |  52.1
        D:9 |    3833 |       0 |   0.0 |      23 |       0 |   0.0
       D:10 |    2920 |    1547 |  34.6 |      21 |      21 |  50.0
       D:11 |    2453 |    6856 |  73.6 |      13 |      11 |  45.8
       D:12 |    2426 |    4287 |  63.9 |       5 |      10 |  66.7
       D:13 |    3791 |      81 |   2.1 |      16 |       1 |   5.9
       D:14 |       0 |     250 | 100.0 |       0 |       3 | 100.0
     Lair:1 |    6333 |    1685 |  21.0 |      24 |      15 |  38.5
     Lair:2 |    3908 |    3667 |  48.4 |      14 |      12 |  46.2
     Lair:3 |    3032 |     174 |   5.4 |      10 |       1 |   9.1
     Lair:4 |    9055 |    5719 |  38.7 |      24 |      24 |  50.0
     Lair:5 |    6463 |    9339 |  59.1 |      19 |      20 |  51.3
            +---------+---------+-------+---------+---------+-------
